AoeStats
← THEAVENGR

Pilgrims

509135415Analyzed
4v4 RM · 6d ago on Sep 25, 2026· 35m 39s· 8 players
Game mode
Random Map
Map size
Large (8 player)
Population
200
Speed
Normal
Resources
Standard
Victory
Conquest
Starting age
Dark Age
Ending age
Imperial Age
RankedLock teamsTeams togetherTeam positionsShared explorationLock speedFull tech treeHidden civsTurbo modeCheats
Victory
Defeat
🇺🇸 Vietnamese · United States
907
+15
🇺🇸 Japanese · United States
879
+16
🇧🇷 Danes · Brazil
873
+16
🇺🇸 Vikings · United States
865
+17
🇨🇳 Khmer · China
898
-17
🇭🇺 Byzantines · Hungary
887
-16
🇨🇳 Portuguese · China
884
-16
🇩🇪 Magyars · Germany
848
-15
xxyvonnederful
16:57 Feudal Age
23:27 Castle Age
22:47 Fishing Lines
24:24 Fletching
24:13 Man-at-Arms
24:57 Squires
26:00 Loom
26:02 Town Watch
29:37 Gillnets
32:56 Gold Mining
32:37 Crossbowman
33:22 Bodkin Arrow
34:28 Padded Archer Armor
$impnationri$eup
11:33 Feudal Age
10:04 Loom
14:03 Man-at-Arms
14:29 Arson
15:30 Scale Mail Armor
15:41 Forging
23:44 Castle Age
22:37 Fletching
24:34 Elite Skirmisher
25:28 Squires
24:49 Pikeman
26:27 Thumb Ring
28:41 Long Swordsman
29:07 Gambesons
37:47 Imperial Age
36:02 Bodkin Arrow
hank
7:26 Loom
11:51 Feudal Age
13:13 Wheelbarrow
18:58 Castle Age
18:24 Double-Bit Axe
18:23 Horse Collar
18:35 Gold Mining
18:38 Stone Mining
22:38 Hand Cart
28:13 Fletching
29:56 Bow Saw
32:36 Imperial Age
32:13 Bodkin Arrow
32:19 Padded Archer Armor
35:07 Bracer
suntzu
6:36 Loom
13:36 Feudal Age
14:53 Wheelbarrow
14:06 Double-Bit Axe
14:48 Fishing Lines
15:07 Horse Collar
23:02 Castle Age
20:58 Gold Mining
21:15 Stone Mining
22:26 Scale Mail Armor
22:18 Fletching
24:01 Hand Cart
24:20 Heavy Plow
24:55 Bow Saw
24:51 Town Watch
27:17 Gold Shaft Mining
27:19 Stone Shaft Mining
27:34 Squires
27:20 Arson
28:27 Gillnets
29:43 Gillnets
31:07 Forging
31:12 Chain Mail Armor
32:10 Scale Barding Armor
32:43 Iron Casting
32:12 Caravan
34:23 Chain Barding Armor
34:18 Husbandry
34:30 Bloodlines
34:57 Bodkin Arrow
Nino
13:42 Feudal Age
21:40 Wheelbarrow
26:11 Castle Age
24:38 Bloodlines
28:06 Scale Barding Armor
28:21 Husbandry
27:43 Light Cavalry
28:50 Double-Bit Axe
President of USA
Reck1ess
4:13 Loom
4:32 Loom
13:00 Feudal Age
17:39 Castle Age
17:38 Fletching
19:30 Crossbowman
20:11 Bodkin Arrow
20:55 Thumb Ring
30:14 Imperial Age
30:44 Wheelbarrow
THEAVENGR
11:58 Feudal Age
18:49 Castle Age
21:19 Loom
23:23 Double-Bit Axe
24:09 Fletching
26:12 Horse Collar
27:05 Murder Holes
29:28 Wheelbarrow
29:12 Gold Mining
29:40 Fishing Lines
30:50 Gillnets
34:59 Imperial Age
33:00 Stone Mining
34:13 Ballistics
34:25 Forging
34:22 Scale Barding Armor
Connection lost

Rejoining the realm…

Still unreachable

The connection could not be restored.

Session expired

The server has moved on; the page needs a fresh start.